2953 views
Uploaded 2020-03-18 23:42:32
Game version 1.32.3
4:41 long 4on4 ladder game on (8)Sanctuary_LV
Saved by Teelo
2953 views
Uploaded 2020-03-18 23:42:32
Game version 1.32.3
4:41 long 4on4 ladder game on (8)Sanctuary_LV

46 units @ 4.4k
/ 0.2k
26 buildings @ 4.5k
/ 1k

| Peon | 9 | 675 | / | 0 |
| Troll Headhunter | 6 | 840 | / | 120 |
| total: | 15 | 1515g | / | 120w |
| Altar of Storms | 1 | 180 | / | 50 |
| Orc Burrow | 3 | 480 | / | 120 |
| War Mill | 1 | 205 | / | 0 |
| Barracks | 1 | 180 | / | 50 |
| Voodoo Lounge | 1 | 130 | / | 30 |
| Stronghold | 1 | 315 | / | 190 |
| total: | 7 | 1175g | / | 250w |
| 0:03 | Peon |
| 0:03 | Peon |
| 0:07 | Altar of Storms |
| 0:10 | Orc Burrow |
| 0:17 | Peon |
| 0:26 | Peon |
| 0:52 | War Mill |
| 0:55 | Peon |
| 1:06 | Barracks |
| 1:13 | Peon |
| 1:37 | Orc Burrow |
| 1:41 | Peon |
| 1:44 | Peon |
| 2:01 | Peon |
| 2:07 | Troll Headhunter |
| 2:13 | Feral Spirit |
| 2:22 | Troll Headhunter |
| 2:36 | Voodoo Lounge |
| 2:46 | Troll Headhunter |
| 3:17 | Stronghold |
| 3:41 | Troll Headhunter |
| 3:42 | Chain Lighting |
| 3:59 | Troll Headhunter |
| 4:18 | Troll Headhunter |
| 4:29 | Orc Burrow |
| Right click | 158 |
| Select | 66 |
| Select group | 58 |
| Build/train/purchase | 23 |
| Assign group | 9 |
| Remove unit | 1 |

| Rod of Necromancy | 1 | 150 |
| total: | 1 | 150g |
| Acolyte | 2 | 150 | / | 0 |
| Ghoul | 4 | 480 | / | 0 |
| Crypt Fiend | 2 | 430 | / | 80 |
| total: | 8 | 1060g | / | 80w |
| Nerubian Tower | 1 | 100 | / | 20 |
| Crypt | 1 | 200 | / | 50 |
| Altar of Darkness | 1 | 180 | / | 50 |
| Ziggurat | 2 | 300 | / | 100 |
| Graveyard | 1 | 215 | / | 0 |
| Halls of the Dead | 1 | 320 | / | 210 |
| total: | 5 | 895g | / | 200w |
| 0:13 | Crypt |
| 0:23 | Altar of Darkness |
| 0:25 | Ziggurat |
| 0:32 | Acolyte |
| 0:47 | Acolyte |
| 1:15 | Graveyard |
| 1:26 | Ghoul |
| 1:34 | Nerubian Tower |
| 1:47 | Ghoul |
| 2:05 | Ghoul |
| 2:16 | Ziggurat |
| 2:22 | Death Coil |
| 2:48 | Ghoul |
| 3:08 | Halls of the Dead |
| 3:32 | Crypt Fiend |
| 3:42 | Crypt Fiend |
| 3:59 | Creature Carapace |
| 4:09 | Rod of Necromancy |
| Right click | 50 |
| Select | 49 |
| Select group | 29 |
| Chat | 20 |
| Build/train/purchase | 14 |
| Use ability | 4 |
| Assign group | 3 |

| Rod of Necromancy | 1 | 150 |
| total: | 1 | 150g |
| Acolyte | 3 | 225 | / | 0 |
| Ghoul | 7 | 840 | / | 0 |
| total: | 10 | 1065g | / | 0w |
| Crypt | 1 | 200 | / | 50 |
| Ziggurat | 2 | 300 | / | 100 |
| Altar of Darkness | 1 | 180 | / | 50 |
| Graveyard | 1 | 215 | / | 0 |
| Tomb of Relics | 1 | 130 | / | 30 |
| Necropolis | 1 | 225 | / | 0 |
| Halls of the Dead | 1 | 320 | / | 210 |
| total: | 7 | 1250g | / | 230w |
| 0:05 | Acolyte |
| 0:19 | Crypt |
| 0:21 | Ziggurat |
| 0:31 | Acolyte |
| 0:34 | Altar of Darkness |
| 1:08 | Graveyard |
| 1:23 | Ghoul |
| 1:23 | Ghoul |
| 1:23 | Ghoul |
| 1:33 | Ghoul |
| 1:44 | Tomb of Relics |
| 1:57 | Ziggurat |
| 2:09 | Ghoul |
| 2:27 | Ghoul |
| 2:37 | Death Coil |
| 2:50 | Rod of Necromancy |
| 3:01 | Acolyte |
| 3:06 | Ghoul |
| 3:58 | Necropolis |
| 4:01 | Halls of the Dead |
| 4:05 | Unholy Aura |
| Right click | 167 |
| Select | 107 |
| Select group | 106 |
| Misc. action | 30 |
| Build/train/purchase | 19 |
| Chat | 14 |
| Assign group | 8 |
| Use ability | 4 |
| Item give/drop | 1 |

| Lesser Clarity Potion | 2 | 140 |
| total: | 2 | 140g |
| Wisp | 13 | 780 | / | 0 |
| total: | 13 | 780g | / | 0w |
| Altar of Elders | 1 | 180 | / | 50 |
| Moon Well | 4 | 720 | / | 160 |
| Ancient of Wonders | 1 | 90 | / | 30 |
| Hunter's Hall | 1 | 210 | / | 100 |
| Tree of Ages | 1 | 320 | / | 180 |
| total: | 7 | 1200g | / | 340w |
| 0:01 | Wisp |
| 0:01 | Wisp |
| 0:02 | Wisp |
| 0:17 | Altar of Elders |
| 0:22 | Wisp |
| 0:34 | Moon Well |
| 0:41 | Wisp |
| 0:48 | Wisp |
| 1:04 | Ancient of Wonders |
| 1:09 | Wisp |
| 1:28 | Wisp |
| 1:34 | Wisp |
| 1:34 | Wisp |
| 1:50 | Moon Well |
| 1:54 | Wisp |
| 1:55 | Wisp |
| 1:59 | Wisp |
| 2:22 | Tree of Ages |
| 2:26 | Entangling Roots |
| 2:39 | Hunter's Hall |
| 3:09 | Moon Well |
| 3:14 | Moon Well |
| 3:40 | Lesser Clarity Potion |
| 3:40 | Lesser Clarity Potion |
| 3:45 | Strength of the Wild |
| 3:46 | Reinforced Hides |
| Right click | 91 |
| Select group | 83 |
| Chat | 41 |
| Select | 31 |
| Build/train/purchase | 21 |
| Assign group | 8 |
| Use ability | 6 |
| Remove unit | 3 |
| Misc. action | 2 |
/ 0.1k
24 buildings @ 4k
/ 1.3k

| Wisp | 8 | 480 | / | 0 |
| Archer | 5 | 650 | / | 50 |
| total: | 13 | 1130g | / | 50w |
| Altar of Elders | 1 | 180 | / | 50 |
| Moon Well | 3 | 540 | / | 120 |
| Ancient of War | 2 | 300 | / | 120 |
| total: | 6 | 1020g | / | 290w |
| 0:12 | Altar of Elders |
| 0:14 | Moon Well |
| 0:22 | Ancient of War |
| 0:27 | Wisp |
| 0:42 | Wisp |
| 0:49 | Wisp |
| 1:10 | Wisp |
| 1:22 | Wisp |
| 1:32 | Archer |
| 1:44 | Wisp |
| 1:44 | Wisp |
| 2:02 | Archer |
| 2:06 | Moon Well |
| 2:26 | Black Arrow |
| 2:34 | Ancient of War |
| 2:58 | Wisp |
| 3:08 | Archer |
| 3:09 | Archer |
| 3:32 | Moon Well |
| 3:44 | Archer |
| Select | 59 |
| Right click | 58 |
| Build/train/purchase | 17 |
| Remove unit | 1 |

| Wisp | 11 | 660 | / | 0 |
| Archer | 5 | 650 | / | 50 |
| total: | 16 | 1310g | / | 50w |
| Altar of Elders | 1 | 180 | / | 50 |
| Moon Well | 2 | 360 | / | 80 |
| Ancient of War | 1 | 150 | / | 60 |
| Hunter's Hall | 1 | 210 | / | 100 |
| Tree of Life | 1 | 340 | / | 185 |
| Tree of Ages | 1 | 320 | / | 180 |
| total: | 6 | 1240g | / | 475w |
| 0:02 | Wisp |
| 0:02 | Wisp |
| 0:07 | Altar of Elders |
| 0:11 | Moon Well |
| 0:19 | Ancient of War |
| 0:20 | Wisp |
| 0:33 | Wisp |
| 0:51 | Wisp |
| 0:51 | Wisp |
| 1:17 | Wisp |
| 1:20 | Archer |
| 1:37 | Moon Well |
| 1:42 | Wisp |
| 1:57 | Archer |
| 2:09 | Searing Arrows |
| 2:31 | Archer |
| 2:34 | Hunter's Hall |
| 2:35 | Wisp |
| 2:49 | Archer |
| 2:56 | Wisp |
| 3:09 | Archer |
| 3:13 | Wisp |
| 4:01 | Tree of Life |
| 4:11 | Trueshot Aura |
| 4:13 | Tree of Ages |
| Select | 110 |
| Right click | 85 |
| Select group | 51 |
| Build/train/purchase | 21 |
| Assign group | 12 |
| Use ability | 2 |
| Remove unit | 1 |

| Wisp | 7 | 420 | / | 0 |
| Archer | 2 | 260 | / | 20 |
| total: | 9 | 680g | / | 20w |
| Altar of Elders | 1 | 180 | / | 50 |
| Moon Well | 3 | 540 | / | 120 |
| Ancient of War | 2 | 300 | / | 120 |
| Hunter's Hall | 1 | 210 | / | 100 |
| total: | 7 | 1230g | / | 390w |
| 0:03 | Altar of Elders |
| 0:06 | Moon Well |
| 0:06 | Wisp |
| 0:22 | Ancient of War |
| 0:24 | Wisp |
| 0:38 | Wisp |
| 0:54 | Wisp |
| 1:11 | Wisp |
| 1:16 | Wisp |
| 1:17 | Wisp |
| 1:23 | Archer |
| 1:54 | Archer |
| 2:10 | Entangling Roots |
| 2:32 | Moon Well |
| 2:37 | Hunter's Hall |
| 2:46 | Moon Well |
| 4:01 | Sentinel |
| 4:12 | Ancient of War |
| Right click | 70 |
| Select | 50 |
| Build/train/purchase | 13 |
| Select group | 9 |
| Assign group | 5 |
| Use ability | 3 |
| Peasant | 9 | 675 | / | 0 |
| total: | 9 | 675g | / | 0w |
| Altar of Kings | 1 | 180 | / | 50 |
| Farm | 4 | 320 | / | 80 |
| Keep | 1 | 320 | / | 210 |
| total: | 5 | 500g | / | 130w |
| 0:14 | Peasant |
| 0:14 | Peasant |
| 0:14 | Peasant |
| 0:14 | Peasant |
| 0:17 | Peasant |
| 0:17 | Peasant |
| 1:04 | Peasant |
| 1:04 | Peasant |
| 1:44 | Peasant |
| 2:41 | Keep |
| 2:45 | Altar of Kings |
| 2:47 | Farm |
| 3:31 | Farm |
| 3:32 | Farm |
| 3:33 | Farm |
| Build/train/purchase | 10 |
| Right click | 8 |
| Select | 8 |
| Remove unit | 3 |
⇛